 Dungeon Crawl Stone Soup version 0.17.2-1-ge4368a0 (webtiles) character file.

37 tidbits the Insei (level 3, -7/27 HPs)
             Began as a Demigod Transmuter on Sept 22, 2017.
             Mangled by an iguana (8 damage)
             ... on level 4 of the Dungeon.
             The game lasted 00:03:50 (550 turns).

tidbits the Insei (Demigod Transmuter)               Turns: 550, Time: 00:03:51

Health: -7/27      AC:  3    Str: 13    XL:     3   Next: 7%
Magic:  3/8        EV: 12    Int: 19    God:
Gold:   35         SH:  0    Dex: 16    Spells: 2 memorised, 3 levels left

rFire  . . .     SeeInvis .       - Unarmed
rCold  . . .     Clarity  .     B - +0 robe
rNeg   . . .     SustAt   +     (no shield)
rPois  .         Gourm    .     (no helmet)
rElec  .         Spirit   .     C - +0 cloak
rCorr  .         Warding  .     (no gloves)
rMut   .         Stasis   .     (boots currently unavailable)
MR     .....                    (no amulet)
Stlth  +.........               (no ring)
                                (no ring)

@: appendage, very slightly contaminated, not resistant to hostile enchantments,
very unstealthy
A: talons 3, high mp 1, sustain attributes
a: End Transformation


You were on level 4 of the Dungeon.
You were not hungry.
You had grown temporary talons.
You visited 1 branch of the dungeon, and saw 4 of its levels.

You collected 35 gold pieces.

Inventory:

Missiles
 a - 20 arrows
Armour
 j - a +0 large shield
   (You found it on level 3 of the Dungeon)
 B - a +0 robe (worn)
 C - a +0 cloak (worn)
   (You found it on level 1 of the Dungeon)
Scrolls
 b - a scroll of remove curse {unknown}
 e - 2 scrolls of identify {unknown}
 f - a scroll of noise {unknown}
 h - a scroll of enchant weapon {unknown}
 i - a scroll of amnesia {unknown}
 m - a scroll of teleportation {unknown}
Potions
 g - a potion of degeneration {unknown}
 l - a potion of agility {unknown}
Books
 c - a book of Changes

   Spells                             Type                      Level
   a - Beastly Appendage              Transmutation                1
   b - Sticks to Snakes               Transmutation                2
   c - Spider Form                    Transmutation/Poison         3
   d - Ice Form                       Ice/Transmutation            4
   e - Blade Hands                    Transmutation                5
Comestibles
 d - a bread ration
 k - 4 fruits


   Skills:
 - Level 0.8 Fighting
 - Level 1.7 Dodging
 * Level 3.3 Unarmed Combat
 - Level 2.0 Spellcasting
 + Level 2.4 Transmutations


You had 3 spell levels left.
You knew the following spells:

 Your Spells              Type           Power        Failure   Level  Hunger
e - Beastly Appendage     Trmt           ##....       10%         1    #......
k - Sticks to Snakes      Trmt           ##........   12%         2    ###....


Dungeon Overview and Level Annotations

Branches:
Dungeon (4/15)
 Temple: D:4-7

Annotations:
D:4 Menkaure


Innate Abilities, Weirdness & Mutations

You have an increased reservoir of magic (+10% MP).
Your attributes are resistant to harm.
You have claws for feet.


Message History

Placed new exclusion.
Found a leather armour.
A worker ant comes into view.
Found a scroll labeled HILLEG PUNO.
Casting: Beastly Appendage
Confirm with . or Enter, or press ? or * to list all spells.
You grow a pair of large bovine horns.
Casting: Beastly Appendage
Confirm with . or Enter, or press ? or * to list all spells.
You create a snake!
The worker ant closely misses you.
You hit the worker ant.
The worker ant is moderately wounded.
The worker ant bites you.
Your ball python bites the worker ant.
Your ball python grabs the worker ant.
Your ball python constricts the worker ant.
You barely miss the worker ant.
You punch the worker ant, but do no damage.
The worker ant is moderately wounded.
Your ball python bites the worker ant.
Your ball python constricts the worker ant.
The worker ant bites you.
You are poisoned.
The worker ant poisons you!
You hit the worker ant.
The worker ant is severely wounded.
You feel sick.
Your ball python bites the worker ant but does no damage.
Your ball python constricts the worker ant.
The worker ant misses your ball python.
You hit the worker ant. You headbutt the worker ant.
You kill the worker ant!
You have reached level 3!
Your experience leads to an increase in your attributes!
Increase (S)trength, (I)ntelligence, or (D)exterity?
You feel clever. x2
Unknown command.
Memorise Spider Form, consuming 3 spell levels and leaving 0?
Your memorisation is interrupted.
You feel sick.
You swap places.
You feel sick.
You feel sick.
m - a scroll labeled HILLEG PUNO You feel sick.
Your transformation is almost over.
You feel sick.
You feel sick.
Your horns disappear.
Your ball python withers and dies!
Memorise Spider Form, consuming 3 spell levels and leaving 0?
You hear the slow rusting of a distant drain.
Your memorisation is interrupted.
You feel sick.
You are no longer poisoned.
Found 21 stones.
An iguana comes into view.
The iguana moves out of view.
Found a stone staircase leading up.
An adder comes into view.
Casting: Sticks to Snakes
Confirm with . or Enter, or press ? or * to list all spells.
You miscast Beastly Appendage.
You are very lightly contaminated with residual magic.
Your hands glow momentarily.
Casting: Beastly Appendage
Confirm with . or Enter, or press ? or * to list all spells.
You miscast Sticks to Snakes.
Nothing appears to happen.
Casting: Sticks to Snakes
Confirm with . or Enter, or press ? or * to list all spells.
You create a snake!
Casting: Sticks to Snakes
Confirm with . or Enter, or press ? or * to list all spells.
You don't know that spell.
Adjust (i)tems, (s)pells, or (a)bilities?
Adjust which spell?
Okay, then.
Casting: Sticks to Snakes
Confirm with . or Enter, or press ? or * to list all spells.
Your feet morph into talons.
Your ball python closely misses the iguana. x2
The iguana bites you!
* * * LOW HITPOINT WARNING * * *
You hit the iguana.
The iguana is lightly wounded.
Your ball python bites the iguana but does no damage.
Your ball python barely misses the iguana.
The iguana barely misses you.
You barely miss the iguana. You claw the iguana, but do no damage.
The iguana is lightly wounded.
Your ball python bites the iguana but does no damage.
Your ball python grabs the iguana.
Your ball python constricts the iguana.
You hit the iguana but do no damage. You claw the iguana, but do no damage.
The iguana is lightly wounded.
The iguana bites you!
* * * LOW HITPOINT WARNING * * *
Your ball python bites the iguana but does no damage.
Your ball python constricts the iguana.
You hit the iguana.
The iguana is moderately wounded.
The iguana bites you!
You die...

## ... ##.###############
##### #........##......#
#....
##................###....
..........##.............
##........##....#........
........@l......#........
##......S############....
#.......≈≈≈≈≈S≈ ###....
.........####### #......
......#.## ..........
......#.# ..........
......#.# ..........
....<.... .....(.... ...
.. ...#####..


You could see an iguana and a friendly ball python.

Vanquished Creatures
  A worker ant (D:4)
  An ooze (D:3)
  A giant gecko (D:2)
  A giant cockroach (D:3)
  2 goblins (D:1)
  3 hobgoblins
  A giant newt (D:1)
  A kobold (D:1)
  A rat (D:2)
12 creatures vanquished.

Notes
Turn   | Place    | Note
--------------------------------------------------------------
     0 | D:1      | tidbits the Demigod Transmuter began the quest for the Orb.
     0 | D:1      | Reached XP level 1. HP: 15/15 MP: 5/5
    83 | D:1      | Reached skill level 2 in Transmutations
    86 | D:1      | Reached skill level 2 in Spellcasting
   330 | D:2      | Reached XP level 2. HP: 19/22 MP: 5/7
   334 | D:2      | Learned a level 2 spell: Sticks to Snakes
   379 | D:3      | Reached skill level 3 in Unarmed Combat
   469 | D:4      | Noticed Menkaure
   469 | D:4      | Noticed an ogre
   495 | D:4      | Reached XP level 3. HP: 23/27 MP: 4/8
   549 | D:4      | HP: 1/27 [iguana (12)]
   550 | D:4      | Mangled by an iguana

Action                   || total
-------------------------++-------
Melee: Unarmed           ||    43
 Cast: Beastly Appendage ||    12
       Sticks to Snakes  ||     2

Table legend:
 A = Turns spent in this place as a percentage of turns spent in the entire game.
 B = Non-inter-level travel turns spent in this place as a percentage of non-inter-level travel turns spent in the entire game.
 C = Inter-level travel turns spent in this place as a percentage of turns spent in this place.
 D = Turns resting spent in this place as a percentage of non-inter-level travel turns spent in this place.
 E = Turns spent auto-exploring this place as a percentage of non-inter-level travel turns spent in this place.
 F = Non-inter-level travel turns spent in this place divided by the number of levels of this place that you've seen.
                   A       B       C       D       E      F
               +-------+-------+-------+-------+-------+----------------------
         Total | 100.0 | 100.0 |   0.0 |   0.7 |   0.0 | 114.5
       Dungeon | 100.0 | 100.0 |   0.0 |   0.7 |   0.0 | 114.5
               +-------+-------+-------+-------+-------+----------------------

Table legend:
 A = Kills in this place as a percentage of kills in entire the game.
 B = Kills by you in this place as a percentage of kills by you in the entire game.
 C = Kills by friends in this place as a percentage of kills by friends in the entire game.
 D = Other kills in this place as a percentage of other kills in the entire game.
 E = Experience gained in this place as a percentage of experience gained in the entire game.
 F = Experience gained in this place divided by the number of levels of this place that you have seen.
                   A       B       C       D       E      F
               +-------+-------+-------+-------+-------+----------------------
         Total | 100.0 | 100.0 |  -nan |  -nan | 100.0 |  13.2
       Dungeon | 100.0 | 100.0 |  -nan |  -nan | 100.0 |  13.2
               +-------+-------+-------+-------+-------+----------------------

Vault maps used:
D:1:      lightli_arrival_maybe_door_vault
D:2:      minmay_newt_pond, uniq_sigmund
D:3:      lemuel_coloured_pillars_altar, serial_bayou_ford_a, hex_medium
D:4:      serial_shops, shop, portal_sewer_entry_d, uniq_menkaure
